 Dungeon Crawl Stone Soup version 0.17.1-1-g73c8601 (webtiles) character file.

551 shmeve the Skirmisher (level 7, -7/63 HPs)
             Began as a Minotaur Berserker on Apr 23, 2016.
             Was an Elder of Trog.
             Mangled by an ogre
             ... wielding a +0 giant club
              (20 damage)
             ... on level 4 of the Dungeon.
             The game lasted 00:07:03 (2931 turns).

shmeve the Skirmisher (Minotaur Berserker)          Turns: 2931, Time: 00:07:03

Health: -7/63      AC:  9    Str: 23    XL:     7   Next: 7%
Magic:  6/6        EV:  9    Int:  5    God:    Trog [****..]
Gold:   181        SH:  0    Dex:  9    Spells: 0 memorised, 6 levels left

rFire  . . .     SeeInvis .     a - +0 hand axe
rCold  + . .     Clarity  .     m - +0 chain mail
rNeg   + . .     SustAt   .     (no shield)
rPois  .         Gourm    .     (helmet restricted)
rElec  .         Spirit   .     (no cloak)
rCorr  .         Warding  .     (no gloves)
rMut   .         Stasis   .     (no boots)
MR     .....                    (no amulet)
Stlth  ..........               v - ring of protection from cold
                                k - ring of positive energy

@: not resistant to hostile enchantments, extremely unstealthy
A: retaliatory headbutt, horns 2
a: Berserk, Trog's Hand, Brothers in Arms, Burn Spellbooks, Renounce Religion


You were on level 4 of the Dungeon.
You worshipped Trog.
Trog was greatly pleased with you.
You were hungry.

You visited 1 branch of the dungeon, and saw 4 of its levels.

You collected 181 gold pieces.

Inventory:

Hand Weapons
 a - a +0 hand axe (weapon)
Armour
 m - a +0 chain mail (worn)
Jewellery
 k - a ring of positive energy (left hand)
 r - a +4 ring of intelligence
 v - a ring of protection from cold (right hand)
Scrolls
 g - a scroll of fog {unknown}
 j - a scroll of remove curse {unknown}
 l - a scroll of random uselessness {unknown}
 n - 3 scrolls of identify {unknown}
 p - a scroll of recharging {unknown}
 t - 4 scrolls of noise {unknown}
 u - 2 scrolls of immolation {unknown}
Potions
 b - 2 potions of flight {unknown}
 e - a potion of ambrosia {unknown}
 f - a potion of might {unknown}
 i - a potion of heal wounds {unknown}
 o - a potion of poison {unknown}
 s - a potion of haste {unknown}
 x - a potion of degeneration {unknown}
 z - a potion of curing {unknown}
Comestibles
 c - 4 bread rations
 d - a royal jelly
 h - a slice of pizza
 q - 4 fruits
 w - a meat ration


   Skills:
 * Level 6.0 Fighting
 * Level 6.0 Axes
 + Level 2.4 Throwing
 + Level 4.3 Armour
 + Level 3.5 Dodging


You had 6 spell levels left.
You didn't know any spells.

Dungeon Overview and Level Annotations

Branches:
Dungeon (4/15)
 Temple: D:4-7

Altars:
Ashenzari
The Shining One

Shops:
D:4 [


Innate Abilities, Weirdness & Mutations

You reflexively headbutt those who attack you in melee.
You have a pair of horns on your head.


Message History

The ogre closely misses you.
Your chain mail prevents you from hitting the ogre.
You headbutt the ogre.
The ogre is severely wounded.
You hit the worker ant but do no damage.
The worker ant is moderately wounded.
The worker ant closely misses you. The ogre barely misses you.
You closely miss the ogre.
The ogre is severely wounded.
You hit the worker ant.
The worker ant is heavily wounded.
The worker ant closely misses you. You furiously retaliate!
You headbutt the worker ant.
The worker ant bites you but does no damage.
You completely miss the ogre.
The ogre is severely wounded.
You hit the worker ant.
The worker ant is almost dead.
The ogre hits you with a giant club!!
You die...

...^...... #......#..
..#......# ........#
........## ........>.#
........#..############.
#.......................
........#.......@O......
.................a...###
................#..#....
###........#.#####..###.
# .#..........# #.# .
....#...#...# ##...
.#..##.........##...###
##.# #....>.......# #.#
##.....###.....


You could see an ogre and a worker ant.

Vanquished Creatures
  The ghost of espais the Vexing, an amateur SpEn (D:4)
  A giant frog (D:4)
  A crimson imp (D:3)
  Ijyb (D:3)
  An orc wizard (D:4)
  An orc priest (D:4)
  Natasha (D:3)
  Robin (D:3)
  7 gnolls (D:2)
  A white imp (D:4)
  2 adders (D:2)
  2 worms (D:2)
  2 giant geckos
  6 orcs
  12 bats
  3 giant cockroaches (D:3)
  8 hobgoblins
  6 jackals
  2 quokkas
  2 giant newts
  19 goblins
  A goblin skeleton (D:4)
  7 kobolds
  2 kobold skeletons (D:4)
  2 orc zombies (D:4)
  10 rats
102 creatures vanquished.

Notes
Turn   | Place    | Note
--------------------------------------------------------------
     0 | D:1      | shmeve the Minotaur Berserker began the quest for the Orb.
     0 | D:1      | Reached XP level 1. HP: 19/19 MP: 0/0
   174 | D:1      | Reached XP level 2. HP: 22/27 MP: 1/1
   278 | D:1      | Reached skill level 4 in Axes
   691 | D:2      | Reached ** piety under Trog
   801 | D:2      | Reached XP level 3. HP: 33/33 MP: 2/2
   806 | D:2      | Reached XP level 4. HP: 40/40 MP: 3/3
  1228 | D:2      | Found a shattered altar of Ashenzari.
  1456 | D:2      | Reached skill level 1 in Throwing
  1721 | D:3      | Reached XP level 5. HP: 44/47 MP: 4/4
  1792 | D:3      | Reached skill level 5 in Axes
  1852 | D:3      | Noticed Natasha
  1862 | D:3      | Killed Natasha
  1862 | D:3      | Reached skill level 5 in Fighting
  1895 | D:3      | Reached *** piety under Trog
  1899 | D:3      | Noticed Ijyb
  1908 | D:3      | Killed Ijyb
  1953 | D:3      | Noticed Robin
  1969 | D:3      | Killed Robin
  2365 | D:3      | Reached XP level 6. HP: 52/56 MP: 5/5
  2516 | D:4      | Found Neptodur's Armour Boutique.
  2601 | D:4      | Noticed espais's ghost (amateur SpEn)
  2619 | D:4      | Killed espais's ghost
  2770 | D:4      | Reached **** piety under Trog
  2770 | D:4      | Reached skill level 6 in Fighting
  2770 | D:4      | Reached XP level 7. HP: 50/63 MP: 6/6
  2874 | D:4      | Found a glowing golden altar of the Shining One.
  2931 | D:4      | Mangled by an ogre

Action                   |  1- 3 |  4- 6 |  7- 9 || total
-------------------------+-------+-------+-------++-------
Melee: Hand axe          |    45 |   162 |    25 ||   232
Invok: Berserk           |     1 |     3 |       ||     4
       Trog's Hand       |       |     1 |       ||     1
  Eat: Chunk             |       |     9 |     1 ||    10
